 Dungeon Crawl Stone Soup version 0.28-a0-683-ga8797d1ae1 (webtiles) character file.

Game seed: 16784991554649013461

787 KoroneIsBestGirl the Covered (level 8, -1/64 HPs)
             Began as a Formicid Fighter on Oct 18, 2021.
             Was an Elder of Trog.
             Slain by a thrashing horror (10 damage)
             ... on level 1 of the Abyss.
             The game lasted 00:08:54 (5272 turns).

KoroneIsBestGirl the Covered (Formicid Fighter)     Turns: 5272, Time: 00:08:55

Health: -1/64      AC:  3    Str: 25    XL:     8   Next: 11%
Magic:  8/8        EV: 16    Int:  8    God:    Trog [****..]
Gold:   310        SH:  4    Dex: 10    Spells: 7/7 levels left

rFire   + . .      SeeInvis +   a - +0 trident
rCold   . . .      Faith    .   c - +0 buckler
rNeg    . . .      Spirit   .   m - +1 robe of Marbles {Will- Str+2 Stlth+ Archmagi}
rPois   .          Reflect  .   (helmet unavailable)
rElec   .          Harm     .   (no cloak)
rCorr   .          Rampage  .   (no gloves)
Will    .....      Archmagi +   (no boots)
Stlth   ++........              (no amulet)
HPRegen 0.00/turn               g - +4 ring of evasion
MPRegen 0.11/turn               f - ring of protection from fire

@: badly diseased
A: permanent stasis, dig shafts and tunnels, antennae 3, four strong arms
a: Dig, Shaft Self, Renounce Religion, Trog's Hand, Brothers in Arms


You were on level 1 of the Abyss.
You worshipped Trog.
Trog was greatly pleased with you.
You visited 1 branch of the dungeon, and saw 6 of its levels.
You visited the Abyss 1 time.

You collected 310 gold pieces.

Inventory:

Hand Weapons
 a - a +0 trident (weapon)
Armour
 b - a +0 scale mail
 c - a +0 buckler (worn)
 m - the +1 robe of Marbles (worn) {Will- Str+2 Stlth+ Archmagi}
   (You found it on level 4 of the Dungeon)

   Str:       It affects your strength (+2).
   Archmagi:  It increases the power of your magical spells.
   Will:      It decreases your willpower.
   Stlth:     It makes you more stealthy.
 s - a +0 plate armour
Jewellery
 f - a ring of protection from fire (right hand)
 g - a +4 ring of evasion (left hand)
 n - a ring of magical power
Wands
 i - a wand of flame (14)
 o - a wand of charming (3)
Scrolls
 e - 5 scrolls of identify {unknown}
 j - a scroll of silence {unknown}
 k - 2 scrolls of magic mapping {unknown}
 q - 3 scrolls of fog {unknown}
 t - a scroll of noise {unknown}
 u - a scroll of teleportation {unknown}
Potions
 d - 2 potions of might
 h - a potion of brilliance {unknown}
 l - a potion of flight {unknown}
 p - 2 potions of magic {unknown}
 r - a potion of berserk rage {unknown}


   Skills:
 + Level 5.7 Fighting
 + Level 4.5 Polearms
 + Level 5.7 Armour
 + Level 3.1 Dodging
 - Level 4.2 Shields


You had 7 spell levels left.
You didn't know any spells.
Your spell library contained the following spells:

 Spells                   Type           Power      Damage    Failure   Level
 Ensorcelled Hibernation  Hex/Ice        0%         N/A       54%         2
 Scorch                   Fire           0%         2d5       54%         2
 Ignite Poison            Fire/Tmut/Pois 0%         N/A       78%         3
 Mephitic Cloud           Conj/Pois/Air  0%         N/A       78%         3
 Tukima's Dance           Hex            0%         N/A       78%         3
 Flame Wave               Conj/Fire      0%         3d3       99%         4
 Freezing Cloud           Conj/Ice/Air   0%         6-21      100%        5
 Summon Cactus Giant      Summ           0%         N/A       100%        6


Dungeon Overview and Level Annotations

Branches:
Dungeon (6/15)
 Temple: D:4-7

Altars:
Trog

Annotations:
D:3 Crazy Yiuf


Innate Abilities, Weirdness & Mutations

You cannot be hasted, slowed, berserked, paralysed or teleported.
You can dig through walls and to a lower floor.
You have a pair of large antennae on your head. (SInv)
Your four strong arms can wield two-handed weapons with a shield.


Message History

The thrashing horror roars!
The thrashing horror misses you. x2
The thrashing horror completely misses you.
The thrashing horror tramples you.
You hold your ground!
You hit the thrashing horror but do no damage.
The thrashing horror misses you.
The thrashing horror tramples you but does no damage.
The thrashing horror barely misses you.
The thrashing horror closely misses you.
You see here a scroll labelled MOTHRA LENYTZ.
You feel ill. The thrashing horror barely misses you.
You block the thrashing horror's attack.
You block the thrashing horror's attack.
The thrashing horror tramples you.
You stumble backwards!
You feel ill.
A large abomination comes into view.
Found a glowing rapier.
The thrashing horror closely misses you.
You block the thrashing horror's attack.
The thrashing horror roars!
The thrashing horror misses you. The thrashing horror tramples you.
You stumble backwards!
You feel ill.
You enter the shallow water.
Moving in this stuff is going to be slow.
The thrashing horror tramples you.
You stumble backwards!
Splash!
The thrashing horror tramples you!
You stumble backwards!
The thrashing horror tramples you!
* * * LOW HITPOINT WARNING * * *
You hold your ground!
The thrashing horror closely misses you.
You block the thrashing horror's attack.
The thrashing horror closely misses you.
The thrashing horror roars!
The thrashing horror tramples you.
* * * LOW HITPOINT WARNING * * *
You hold your ground!
The thrashing horror misses you.
The thrashing horror roars!
The thrashing horror tramples you!
You die...

≈.≈≈
#...##.#... .
..#
≈≈..≈≈..#x#
#.#. #..
...≈≈≈≈≈≈#..#
####
.#.≈≈≈X{≈≈#..#
. .
≈.#≈≈{≈#....#
. .
#####)#....#.#
# ##..##.#
#X#...##
#@#..## ###.##
###


You could see a thrashing horror.

Vanquished Creatures
  Sigmund (D:2)
  An ogre (D:3)
  A phantom (D:2)
  A scorpion (D:5)
  A bullfrog skeleton (D:5)
  Ijyb (D:4)
  Jessica (D:2)
  2 iguanas (D:4)
  5 gnolls (D:3)
  6 adders
  An adder skeleton (D:4)
  3 worms (D:2)
  5 dart slugs
  6 endoplasms
  5 giant cockroaches
  40 goblins
  34 hobgoblins
  2 quokkas
  8 ball pythons
  6 bats
  4 frilled lizards
  13 kobolds
  9 rats
156 creatures vanquished.

Vanquished Creatures (others)
  A fungus (D:3)
1 creature vanquished.

Grand Total: 157 creatures vanquished

Notes
Turn   | Place    | Note
-------+----------+-------------------------------------------
     0 | D:1      | KoroneIsBestGirl the Formicid Fighter began the quest for
                  | the Orb.
     0 | D:1      | Reached XP level 1. HP: 18/18 MP: 1/1
   103 | D:1      | Found a faded altar of an unknown god.
   110 | D:1      | Prayed at the altar of an unknown god.
   110 | D:1      | Became a worshipper of Trog the Wrathful
   110 | D:1      | Reached * piety under Trog
   149 | D:1      | Reached XP level 2. HP: 24/24 MP: 2/2
   516 | D:1      | Reached XP level 3. HP: 29/29 MP: 3/3
  1140 | D:2      | Reached ** piety under Trog
  1215 | D:2      | Reached XP level 4. HP: 27/37 MP: 4/4
  1477 | D:2      | Noticed a phantom
  1497 | D:2      | Killed a phantom
  1498 | D:2      | Reached skill level 1 in Dodging
  1498 | D:2      | Reached XP level 5. HP: 17/42 MP: 5/5
  1721 | D:2      | Noticed Jessica
  1733 | D:2      | Killed Jessica
  1734 | D:2      | Reached XP level 6. HP: 49/49 MP: 6/6
  1906 | D:2      | Noticed Sigmund
  1919 | D:2      | Killed Sigmund
  2107 | D:3      | Noticed an ogre
  2114 | D:3      | Killed an ogre
  2115 | D:3      | Reached skill level 5 in Fighting
  2115 | D:3      | Reached skill level 5 in Armour
  2115 | D:3      | Reached XP level 7. HP: 44/56 MP: 7/7
  2543 | D:3      | Reached *** piety under Trog
  2619 | D:3      | HP: 2/56 [gnoll (2)]
  2620 | D:3      | You fall into a shaft and drop 3 floors!
  3029 | D:5      | Entered Level 5 of the Dungeon
  3342 | D:4      | Identified the +1 robe of Marbles {Will- Str+2 Stlth+
                  | Archmagi}
  3383 | D:4      | Noticed Ijyb
  3397 | D:4      | Killed Ijyb
  4186 | D:3      | Reached XP level 8. HP: 62/63 MP: 8/8
  4768 | D:3      | Reached **** piety under Trog
  5101 | D:3      | Found a runed translucent door.
  5102 | D:3      | Noticed Crazy Yiuf
  5108 | D:3      | Cast into level 1 of the Abyss (Crazy Yiuf)
  5122 | Abyss:1  | Noticed a shadow
  5150 | Abyss:1  | Noticed a dream sheep
  5150 | Abyss:1  | a glowing shapeshifter changed into a dream sheep
  5152 | Abyss:1  | Noticed a moth of wrath
  5152 | Abyss:1  | a dream sheep changed into a moth of wrath
  5163 | Abyss:1  | Noticed a lindwurm
  5165 | Abyss:1  | Noticed a thrashing horror
  5171 | Abyss:1  | Noticed a torpor snail
  5171 | Abyss:1  | a lindwurm changed into a torpor snail
  5181 | Abyss:1  | Noticed a green death
  5187 | Abyss:1  | Noticed a glowing orange brain
  5198 | Abyss:1  | Noticed a dream sheep
  5201 | Abyss:1  | Noticed a water nymph
  5201 | Abyss:1  | a dream sheep changed into a water nymph
  5202 | Abyss:1  | Noticed a shining eye
  5202 | Abyss:1  | a water nymph changed into a shining eye
  5232 | Abyss:1  | Noticed a small abomination
  5233 | Abyss:1  | Noticed a tentacled starspawn
  5245 | Abyss:1  | Noticed an ancient zyme
  5246 | Abyss:1  | Noticed a wraith
  5248 | Abyss:1  | Noticed an ice dragon
  5272 | Abyss:1  | Slain by a thrashing horror

Illustrated notes

Levels and vault maps discovered:
D:1:      psy_arrival_spokes, layout_basic, basic_ecumenical_altar
D:2:      layout_rooms, uniq_jessica, uniq_sigmund
D:3:      minmay_goblin_kobold_castle, layout_rooms, uniq_crazy_yiuf_cottage
D:4:      layout_loops_ring, uniq_ijyb
D:5:      layout_rooms, chequers_temple_overflow_statue_of_worship, uniq_pikel
D:6:      layout_rooms, serial_shops, nicolae_stop_n_shop_2, gammafunk_ghost_icy
Abyss:1:  base:
D:4

Skill      XL: |  1  2  3  4  5  6  7 |
---------------+----------------------+-----
Shields        | 4 |  4.2
Fighting       | 4 5 |  5.7
Polearms       | 3 4 |  4.5
Armour         | 4 5 |  5.7
Dodging        | 1 2 3 |  3.1

Action                   |  1- 3 |  4- 6 |  7- 9 || total
-------------------------+-------+-------+-------++-------
Melee: Trident           |   118 |   110 |   308 ||   536
Invok: Trog's Hand       |       |       |     2 ||     2
 Abil: Dig               |       |       |    12 ||    12
       Shaft Self        |       |       |     1 ||     1
 Stab: Sleeping          |       |       |     3 ||     3
Armor: Scale mail        |    41 |    23 |    70 ||   134
       Robe              |       |       |     7 ||     7
Dodge: Dodged            |    57 |    55 |   295 ||   407
Block: Buckler           |    16 |    17 |    93 ||   126

Table legend: (Time is in decaauts)
 A = Elapsed time spent in this place.
 B = Non-inter-level travel time spent in this place.
 C = Inter-level travel time spent in this place.
 D = Time resting spent in this place.
 E = Time spent auto-exploring this place.
 F = Levels seen in this place.
 G = Mean time per level.
                   A        B        C        D        E       F      G
               +--------+--------+--------+--------+--------+-----+--------+
         Total |   5344 |   5100 |    244 |    377 |   3545 |   7 |  763.4 |
       Dungeon |   5177 |   4933 |    244 |    377 |   3535 |   6 |  862.8 |
         Abyss |    166 |    166 |      0 |      0 |     10 |   1 |  166.0 |
               +--------+--------+--------+--------+--------+-----+--------+

Top non-repeatable levels by time:
     D:3: 1748 daAuts
     D:1: 1130 daAuts
     D:2: 947 daAuts
     D:4: 804 daAuts
     D:6: 408 daAuts
 Abyss:1: 166 daAuts
     D:5: 137 daAuts
